 Dungeon Crawl Stone Soup version 0.18.1-48-g4cf74bf (webtiles) character file.

2 glosham the Skirmisher (level 1, -2/16 HPs)
             Began as a High Elf Abyssal Knight on Sept 12, 2016.
             Was a Follower of Lugonu.
             Killed from afar by a dart slug (3 damage)
             ... with a slug dart
             ... on level 1 of the Dungeon.
             The game lasted 00:04:20 (192 turns).

glosham the Skirmisher (High Elf Abyssal Knight)     Turns: 192, Time: 00:04:20

Health: -2/16      AC:  4    Str: 11    XL:     1   Next: 33%
Magic:  3/3        EV: 12    Int: 15    God:    Lugonu [*.....]
Gold:   57         SH:  0    Dex: 14    Spells: 0 memorised, 0 levels left

rFire  . . .     SeeInvis .     a - +1 falchion
rCold  . . .     Gourm    .     b - +1 leather armour
rNeg   . . .     Faith    .     (no shield)
rPois  .         Spirit   .     (no helmet)
rElec  .         Dismiss  .     (no cloak)
rCorr  .         Reflect  .     (no gloves)
SustAt .         Harm     +     (no boots)
MR     .....                    z - amulet of harm
Stlth  +.........               (no ring)
                                (no ring)

@: not resistant to hostile enchantments, very unstealthy
A: no striking features
a: Depart the Abyss, Renounce Religion


You were on level 1 of the Dungeon.
You worshipped Lugonu.
Lugonu was aware of your devotion.
You were not hungry.

You visited 1 branch of the dungeon, and saw 1 of its levels.
You visited the Abyss 1 time.

You collected 57 gold pieces.

Inventory:

Hand Weapons
 a - a +1 falchion (weapon)
Missiles
 d - 16 arrows
 e - 30 stones (quivered)
Armour
 b - a +1 leather armour (worn)
Jewellery
 z - an amulet of harm (around neck)
Books
 i - an Akashic Record

   Spells                             Type                      Level
   a - Dispersal                      Translocation                6
   b - Malign Gateway                 Summoning/Translocation      7
   c - Disjunction                    Translocation                8
   d - Controlled Blink               Translocation                8
Comestibles
 c - a bread ration
 f - a beef jerky


   Skills:
 - Level 3.0 Fighting
 * Level 2.4 Long Blades
 - Level 0.8 Armour
 - Level 2.1 Dodging
 - Level 1.0 Stealth
 - Level 2.0 Invocations


You couldn't memorise any spells.
You didn't know any spells.

Dungeon Overview and Level Annotations

Branches:
Dungeon (1/15)

Altars:


Message History

You open the door.
There is an open door here.
There is an open door here.
Found 23 stones.
You see here 23 stones.
e - 23 stones You open the door.
A giant newt comes into view.
Found 7 stones and a beef jerky.
There is an open door here.
The giant newt bites you but does no damage.
You barely miss the giant newt.
The giant newt bites you but does no damage. x2
You hit the giant newt.
You kill the giant newt!
Lugonu accepts your kill.
You see here a beef jerky.
f - a beef jerky Autopickup is now on.
There is an open door here.
e - 30 stones (gained 7)
There is an open door here.
You see here a bat corpse.
A rat comes into view.
You closely miss the rat. The rat barely misses you.
You hit the rat.
You kill the rat!
Lugonu accepts your kill.
You can now depart the Abyss.
Your Stealth skill increases to level 1!
You see here a rat corpse.
A dart slug comes into view.
The dart slug launches a dart at you. The slug dart hits you!
* * * LOW HITPOINT WARNING * * *
You start resting.
You hit the dart slug.
The dart slug is moderately wounded.
The dart slug launches a dart at you. The slug dart hits you!
You die...

#################
#...w..#<#......#
#w######.######.#
#.@.............#
##†########†#####
#...#.P...#.#...#
#.#######.#.#.#.#
#.#.......'...#.#
#.#.###########.#
#.#...........#.#
#.#######'#####.#
#. #.......#


You could see a dart slug.

Vanquished Creatures
  A bat (D:1)
  A giant newt (D:1)
  A rat (D:1)
3 creatures vanquished.

Notes
Turn   | Place    | Note
--------------------------------------------------------------
     0 | Abyss:1  | glosham the High Elf Abyssal Knight began the quest for the Orb.
     0 | Abyss:1  | Reached XP level 1. HP: 16/16 MP: 3/3
    69 | Abyss:2  | Noticed a ynoxinul
    70 | Abyss:2  | Noticed an ancient zyme
    81 | Abyss:3  | Noticed a ghost crab
    82 | Abyss:3  | Noticed a spectral ice dragon
    85 | Abyss:3  | Noticed a spectral quicksilver dragon
    86 | Abyss:3  | Noticed a spectral four-headed hydra
    90 | D:1      | Escaped the Abyss
   184 | D:1      | Reached * piety under Lugonu
   184 | D:1      | Reached skill level 1 in Stealth
   187 | D:1      | HP: 1/16 [dart slug/slug dart (5)]
   192 | D:1      | Killed from afar by a dart slug

Skill      XL: |  1 |
---------------+----+-----
Stealth        | 1 |  1.0
Fighting       | |  3.0
Long Blades    | |  2.4
Armour         | |  0.8
Dodging        | |  2.1
Invocations    | |  2.0

Action                   || total
-------------------------++-------
Melee: Falchion          ||     6
Invok: Depart the Abyss  ||     1
  Use: Scroll            ||     3
Armor: Leather armour    ||     3
Dodge: Dodged            ||     1

Table legend:
 A = Turns spent in this place as a percentage of turns spent in the entire game.
 B = Non-inter-level travel turns spent in this place as a percentage of non-inter-level travel turns spent in the entire game.
 C = Inter-level travel turns spent in this place as a percentage of turns spent in this place.
 D = Turns resting spent in this place as a percentage of non-inter-level travel turns spent in this place.
 E = Turns spent auto-exploring this place as a percentage of non-inter-level travel turns spent in this place.
 F = Non-inter-level travel turns spent in this place divided by the number of levels of this place that you've seen.
                   A       B       C       D       E      F
               +-------+-------+-------+-------+-------+----------------------
         Total | 100.0 | 100.0 |   0.0 |   0.6 |   0.0 |  45.0
       Dungeon |  48.3 |  48.3 |   0.0 |   1.1 |   0.0 |  87.0
         Abyss |  51.7 |  51.7 |   0.0 |   0.0 |   0.0 |  31.0
               +-------+-------+-------+-------+-------+----------------------

Table legend:
 A = Kills in this place as a percentage of kills in entire the game.
 B = Kills by you in this place as a percentage of kills by you in the entire game.
 C = Kills by friends in this place as a percentage of kills by friends in the entire game.
 D = Other kills in this place as a percentage of other kills in the entire game.
 E = Experience gained in this place as a percentage of experience gained in the entire game.
 F = Experience gained in this place divided by the number of levels of this place that you have seen.
                   A       B       C       D       E      F
               +-------+-------+-------+-------+-------+----------------------
         Total | 100.0 | 100.0 |  -nan |  -nan | 100.0 |   1.0
       Dungeon | 100.0 | 100.0 |  -nan |  -nan | 100.0 |   4.0
               +-------+-------+-------+-------+-------+----------------------

Vault maps used:
D:1:      onia_arrival_mini_maze_b, serial_forest, infiniplex_forest_lined_1,
          infiniplex_forest_clump_curved, infiniplex_forest_pool,
          infiniplex_forest_end_1, infiniplex_forest_lined_2,
          infiniplex_forest_clump_medium, st_stairs_10
Abyss:1:  lemuel_flamethrower_3
Abyss:3:  evilmike_abyss_exit_chaos, nicolae_abyss_rune_more_like_crabyss
